 Dungeon Sprint DCSS version 0.19-a0-97-g21dea92 (webtiles) character file.

11923 Kidiri the Unseen (level 11, 0/56 HPs)
             Began as a Spriggan Enchanter on May 16, 2016.
             Was the Champion of Dithmenos.
             Killed from afar by an ice dragon (41 damage)
             ... with a blast of cold
             ... in the Dungeon (Sprint III: "The Ten Rune Challenge").
             The game lasted 00:09:34 (2226 turns).

Kidiri the Unseen (Spriggan Enchanter)              Turns: 2226, Time: 00:09:35

Health: 0/56       AC:  3    Str:  4    XL:     11   Next: 55%
Magic:  17/28      EV: 31    Int: 20    God:    Dithmenos [******]
Gold:   29         SH:  0    Dex: 19    Spells: 10 memorised, 4 levels left

rFire  . . .     SeeInvis +     i - +0 dagger (venom)
rCold  . . .     Gourm    .     b - +1 robe
rNeg   . . .     Faith    .     (shield restricted)
rPois  .         Spirit   .     (helmet restricted)
rElec  .         Dismiss  .     (no cloak)
rCorr  .         Reflect  .     (gloves unavailable)
SustAt .         Harm     .     (boots unavailable)
MR     +....     Clarity  +     (no amulet)
Stlth  ++++++++++ NoTele   +    (no ring)
                                (no ring)

@: wreathed by umbra, very quick, somewhat resistant to hostile enchantments,
uncannily stealthy
A: unfitting armour, claws 1, see invisible, agile 1, clarity, herbivore 3,
speed 3, slow metabolism 2, MP-powered wands
a: Shadow Step, Shadow Form, Renounce Religion


You were in the Dungeon.
You worshipped Dithmenos.
Dithmenos was exalted by your worship.
You were full.

You visited 1 branch You collected 29 gold pieces.

Inventory:

Hand Weapons
 a - a +1 dagger
 i - a +0 dagger of venom (weapon)
Missiles
 r - 10 throwing nets (quivered)
Armour
 b - a +1 robe (worn)
 s - an ice dragon hide
Wands
 f - a wand of paralysis (8/24)
Scrolls
 j - a scroll of blinking
 k - 3 scrolls of identify
 m - 2 scrolls of immolation
 n - 3 scrolls of remove curse
Potions
 e - a potion of curing
 g - a potion of haste
 h - a potion of magic
 l - a potion of heal wounds
 p - 4 potions of cure mutation
 q - 3 potions of flight
Books
 c - a book of Burglary

   Spells                             Type                      Level
   a - Swiftness                      Charms/Air                   2
   b - Passwall                       Transmutation/Earth          2
   c - Passage of Golubria            Translocation                4
   d - Lee's Rapid Deconstruction     Earth                        5
   e - Darkness                       Hexes                        6
   f - Invisibility                   Hexes                        6
Comestibles
 d - 6 fruits
 o - 27 royal jellies


   Skills:
 + Level 5.8 Fighting
 * Level 11.4 Short Blades
 + Level 5.4 Armour
 * Level 14.3 Dodging
 * Level 15.9 Stealth
 * Level 12.5 Spellcasting
 + Level 5.3 Conjurations
 + Level 9.4 Hexes
 + Level 8.3 Charms
 + Level 8.3 Translocations
 + Level 7.9 Transmutations
 + Level 5.6 Ice Magic
 + Level 5.3 Air Magic
 + Level 5.5 Earth Magic
 - Level 3.4 Invocations


You had 4 spell levels left.
You knew the following spells:

 Your Spells              Type           Power        Failure   Level  Hunger
a - Corona                Hex            ######.      1%          1    None
b - Ensorcelled Hibernat  Hex/Ice        #####.       1%          2    None
c - Confuse               Hex            ######..     1%          3    None
d - Tukima's Dance        Hex            ######..     1%          3    None
e - Dazzling Spray        Conj/Hex       #####.       1%          3    None
f - Swiftness             Chrm/Air       #####...     1%          2    None
g - Passwall              Trmt/Erth      #####.....   1%          2    None
h - Passage of Golubria   Tloc           N/A          1%          4    None
i - Lee's Rapid Deconstr  Erth           ####......   17%         5    ####...
j - Invisibility          Hex            ######..     17%         6    #####..


Dungeon Overview and Level Annotations

Branches:
Dungeon (1/1)

Altars:
Cheibriados
Dithmenos
Elyvilon
Fedhas
Gozag
Kikubaaqudgha
Makhleb
Nemelex Xobeh
Okawaru
Pakellas
Qazlal
Ru
Sif Muna
Trog
Vehumet
Xom
Yredelemnul
Zin
The Shining One
Jiyva
Lugonu

Shops:
D (=


Innate Abilities, Weirdness & Mutations

You are tiny and cannot use many weapons and most armour.
You have supernaturally acute eyesight.
You are a herbivore.
You cover ground extremely quickly.
You need consume almost no food.
You have sharp fingernails.
You are agile. (Dex +2)
You possess an exceptional clarity of mind.
You expend magic power (3 MP) to strengthen your wands.


Message History

The ice dragon is moderately wounded.
Your shadow mimicks your spell!
The shadow shard hits the ice dragon.
You kill the ice dragon!
Dithmenos accepts your kill. The ice dragon bites you!
The ice dragon completely misses you. The ice dragon barely misses you.
You closely miss the ice dragon.
The ice dragon is moderately wounded.
Unknown command.
Casting: Dazzling Spray
Confirm with . or Enter, or press ? or * to list all spells.
Aiming: Confuse
Press: ? - help, Shift-Dir - straight line, f - ice dragon
Aim: an ice dragon (moderately wounded, umbra, chance to defeat MR: 55%)
The ice dragon resists with significant effort.
The ice dragon breathes frost at you. The blast of cold hits you!
Ouch! That really hurt!
You die...

♣♣.##.##.)#≈..+#######
♣♣.##.#####...#....))#
♣.....##..%...#♣♣♣._)#
########'###### #####
#.♣♣ #♣.♣ ♣.♣♣ ♣♣.♣
♣@♣♣ ♣D♣♣ ♣%.♣ ♣♣.♣♣
♣♣.♣ ♣.D♣ ♣..≈Z§≈.Z§
♣...≈.Z§.. ♣.♣≈.≈§§..


You could see 2 ice dragons and a swamp drake simulacrum.

Vanquished Creatures
  Maud (D)
  2 hydras (D)
  2 ice dragons (D)
  Erolcha (D)
  A death drake (D)
  A spriggan druid (D)
  A lindwurm (D)
  A deep elf mage (D)
  2 spiny frogs (D)
  A queen bee (D)
  A komodo dragon (D)
  3 wandering mushrooms (D)
  2 giant leeches (D)
  A shadow (D)
  5 redbacks (D)
  2 spriggans (D)
  A spatial vortex (D)
  2 hill giants (D)
  A necrophage (D)
  3 two-headed ogres (D)
  A water elemental (D)
  A scorpion (D)
  32 killer bees (D)
  An electric eel (D)
  A jelly (D)
  A wizard (D)
  A necromancer (D)
  A kobold demonologist (D)
  3 humans (D)
  A swamp drake simulacrum (D)
  4 rats (D)
81 creatures vanquished.

Vanquished Creatures (others)
  2 draconian scorchers (D)
  3 yaktaurs (D)
  3 plants (D)
8 creatures vanquished.

Grand Total: 89 creatures vanquished

Notes
Turn   | Place    | Note
--------------------------------------------------------------
     0 | D        | Kidiri the Spriggan Enchanter began the quest for the Orb.
     0 | D        | Reached XP level 1. HP: 9/9 MP: 5/5
    54 | D        | Noticed a scorpion
    64 | D        | Killed a scorpion
    64 | D        | Reached skill level 1 in Fighting
    64 | D        | Reached skill level 1 in Armour
    64 | D        | Reached skill level 5 in Dodging
    64 | D        | Reached skill level 6 in Stealth
    64 | D        | Reached XP level 2. HP: 14/14 MP: 4/8
    64 | D        | Reached XP level 3. HP: 18/18 MP: 4/9
    79 | D        | Learned a level 2 spell: Ensorcelled Hibernation
    83 | D        | Learned a level 3 spell: Confuse
    87 | D        | Learned a level 3 spell: Dazzling Spray
   211 | D        | Reached XP level 4. HP: 22/22 MP: 5/11
   214 | D        | Killed a white draconian scorcher
   216 | D        | Learned a level 3 spell: Tukima's Dance
   243 | D        | Killed a white draconian scorcher
   270 | D        | Killed a yaktaur
   271 | D        | Gained mutation: You are agile. (Dex +2) [potion of mutation]
   271 | D        | Gained mutation: You expend magic power (3 MP) to strengthen your wands. [potion of mutation]
   271 | D        | Gained mutation: You possess an exceptional clarity of mind. [potion of mutation]
   272 | D        | Gained mutation: You are very agile. (Dex +4) [potion of mutation]
   273 | D        | Gained mutation: You have sharp fingernails. [potion of mutation]
   273 | D        | Lost mutation: You are very agile. (Dex +4) [potion of mutation]
   283 | D        | Noticed a water elemental
   285 | D        | Killed a water elemental
   285 | D        | Reached skill level 7 in Stealth
   285 | D        | Reached skill level 5 in Spellcasting
   285 | D        | Reached skill level 1 in Conjurations
   285 | D        | Reached skill level 1 in Ice Magic
   297 | D        | Noticed a shadow
   335 | D        | Killed a shadow
   335 | D        | Reached skill level 5 in Short Blades
   335 | D        | Reached skill level 9 in Stealth
   335 | D        | Reached skill level 5 in Hexes
   335 | D        | Reached XP level 5. HP: 27/27 MP: 1/15
   335 | D        | Reached XP level 6. HP: 32/32 MP: 1/16
   454 | D        | Found an oddly glowing altar of Pakellas.
   454 | D        | Found a stormy altar of Qazlal.
   455 | D        | Found a sacrificial altar of Ru.
   455 | D        | Found a burning altar of Makhleb.
   455 | D        | Found a viscous altar of Jiyva.
   455 | D        | Found a shimmering altar of Xom.
   455 | D        | Found a shadowy altar of Dithmenos.
   455 | D        | Found a sparkling altar of Nemelex Xobeh.
   455 | D        | Found a corrupted altar of Lugonu.
   455 | D        | Found an opulent altar of Gozag.
   455 | D        | Noticed a spatial vortex
   459 | D        | Became a worshipper of Dithmenos the Shadowed
   460 | D        | Killed a spatial vortex
   460 | D        | Reached skill level 1 in Invocations
   485 | D        | Found a radiant altar of Vehumet.
   486 | D        | Found a deep blue altar of Sif Muna.
   486 | D        | Found an ancient bone altar of Kikubaaqudgha.
   489 | D        | Reached skill level 10 in Stealth
   500 | D        | Learned a level 2 spell: Swiftness
   503 | D        | Learned a level 2 spell: Passwall
   508 | D        | Learned a level 4 spell: Passage of Golubria
   518 | D        | Found a glowing silver altar of Zin.
   519 | D        | Found a glowing golden altar of the Shining One.
   519 | D        | Found a white marble altar of Elyvilon.
   519 | D        | Noticed a deep elf mage
   521 | D        | Noticed an ice beast
   527 | D        | Noticed an ice beast
   537 | D        | Noticed an ice beast
   538 | D        | Killed a deep elf mage
   538 | D        | Reached * piety under Dithmenos
   538 | D        | Reached skill level 1 in Air Magic
   538 | D        | Reached skill level 1 in Earth Magic
   538 | D        | Reached XP level 7. HP: 35/36 MP: 9/19
   599 | D        | Found an iron altar of Okawaru.
   600 | D        | Found a bloodstained altar of Trog.
   600 | D        | Noticed a human
   600 | D        | Noticed a human
   626 | D        | Killed a human
   629 | D        | Killed a human
   629 | D        | Reached skill level 10 in Dodging
   629 | D        | Reached skill level 11 in Stealth
   629 | D        | Reached XP level 8. HP: 24/42 MP: 16/21
   688 | D        | Killed a yaktaur
   759 | D        | Found a snail-covered altar of Cheibriados.
   760 | D        | Found a basalt altar of Yredelemnul.
   760 | D        | Found a blossoming altar of Fedhas.
   761 | D        | Reached ** piety under Dithmenos
   827 | D        | Reached *** piety under Dithmenos
   832 | D        | Noticed Erolcha
   834 | D        | Killed Erolcha
   834 | D        | Reached skill level 12 in Stealth
   834 | D        | Reached XP level 9. HP: 45/45 MP: 21/23
   848 | D        | Learned a level 5 spell: Lee's Rapid Deconstruction
   937 | D        | Noticed a queen bee
   938 | D        | Reached **** piety under Dithmenos
   938 | D        | Reached skill level 5 in Charms
   938 | D        | Reached skill level 5 in Translocations
   967 | D        | Reached ***** piety under Dithmenos
   986 | D        | Reached skill level 10 in Spellcasting
  1013 | D        | Reached skill level 13 in Stealth
  1013 | D        | Reached skill level 5 in Transmutations
  1247 | D        | Reached ****** piety under Dithmenos
  1339 | D        | Killed a queen bee
  1339 | D        | Reached XP level 10. HP: 47/51 MP: 13/25
  1592 | D        | Reached skill level 14 in Stealth
  1725 | D        | Noticed a spiny frog
  1725 | D        | Noticed a spiny frog
  1729 | D        | Killed a spiny frog
  1731 | D        | Killed a spiny frog
  1731 | D        | Reached skill level 5 in Fighting
  1732 | D        | Reached skill level 10 in Short Blades
  1740 | D        | Learned a level 6 spell: Invisibility
  2050 | D        | Noticed a lindwurm
  2053 | D        | Killed a lindwurm
  2062 | D        | Noticed Maud
  2065 | D        | Killed Maud
  2065 | D        | Reached skill level 5 in Armour
  2065 | D        | Reached skill level 15 in Stealth
  2065 | D        | Reached skill level 5 in Ice Magic
  2065 | D        | Reached XP level 11. HP: 56/56 MP: 27/27
  2073 | D        | Noticed a five-headed hydra
  2073 | D        | Noticed a six-headed hydra
  2077 | D        | Killed a five-headed hydra
  2077 | D        | Reached skill level 5 in Conjurations
  2077 | D        | Reached skill level 5 in Earth Magic
  2078 | D        | Killed a six-headed hydra
  2130 | D        | Noticed a death drake
  2133 | D        | Killed a death drake
  2133 | D        | Reached skill level 5 in Air Magic
  2153 | D        | Found a blossoming altar of Fedhas.
  2153 | D        | Noticed a spriggan druid
  2155 | D        | Killed a spriggan druid
  2185 | D        | Noticed an ice dragon
  2188 | D        | Killed an ice dragon
  2194 | D        | Found Fetiugh's Antique Weapon Emporium.
  2194 | D        | Found Huty's Jewellery Shop.
  2194 | D        | Noticed an ice dragon
  2194 | D        | Noticed an ice dragon
  2194 | D        | Noticed an ice dragon
  2223 | D        | Killed an ice dragon
  2226 | D        | Killed from afar by an ice dragon

Vault maps used:
D:        dungeon_sprint_mu

Skill      XL: |  1  2  3  4  5  6  7  8  9 10 11 |
---------------+----------------------------------+-----
Spellcasting   | 4 6 8 9 10 11 12 | 12.5
Fighting       | 1 2 3 4 5 |  5.8
Short Blades   | 3 5 7 8 9 10 11 | 11.4
Armour         | 1 2 3 4 5 |  5.4
Dodging        | 5 8 9 10 11 12 13 14 | 14.3
Stealth        | 6 9 10 11 12 13 15 | 15.9
Hexes          | 4 5 6 7 8 9 |  9.4
Conjurations   | 1 2 3 4 5 |  5.3
Ice Magic      | 2 3 4 5 |  5.6
Invocations    | 2 3 |  3.4
Charms         | 2 3 4 5 7 8 |  8.3
Translocations | 2 4 5 7 8 |  8.3
Transmutations | 2 4 5 7 |  7.9
Air Magic      | 1 2 3 4 5 |  5.3
Earth Magic    | 1 2 3 4 5 |  5.5

Action                   |  1- 3 |  4- 6 |  7- 9 | 10-12 || total
-------------------------+-------+-------+-------+-------++-------
Melee: Dagger            |    23 |    23 |    88 |    44 ||   178
 Cast: Corona            |     3 |       |       |       ||     3
       Ensorcelled Hiber |     3 |     1 |    22 |    11 ||    37
       Dazzling Spray    |       |     5 |     7 |    15 ||    27
       Tukima's Dance    |       |     1 |       |       ||     1
       Confuse           |       |       |     6 |     2 ||     8
Invok: Shadow Step       |       |       |     1 |     3 ||     4
  Use: Potion            |       |     5 |     1 |       ||     6
       Scroll            |       |     1 |       |       ||     1
 Stab: Sleeping          |     4 |     5 |    28 |    21 ||    58
       Invisible         |       |       |     5 |       ||     5
       Confused          |       |       |       |     1 ||     1
  Eat: Bread ration      |       |       |       |     1 ||     1
Armor: Robe              |     1 |       |     4 |     1 ||     6
Dodge: Dodged            |    14 |    27 |    97 |    16 ||   154
